Map: Taito Citadel LE

Players

Neuro - Winner!

  • Race: Zerg Zerg
  • League: Grandmaster
  • Spawn Location: 11:00

WokeManCheEz

  • Race: Terran Terran
  • League: Master
  • Spawn Location: 5:00

VOD

Have the link to the VOD?

Description

Time

  • Played on: May 1, 2026, 9:39 p.m.
  • Length: 32:19
Show
View Real Time Build Order
Export as new Build Order

Neuro Zerg - Winner!

Build Orders: Hatch First, Lurkers 

Get SALT Encoding   

  12  0:00  Drone  
  13  0:08  Drone  
  14  0:15  Extractor, Drone  
  15  0:22  Overlord  
  15  0:42  Drone  
  16  0:46  Hatchery  
  16  0:49  Drone  
  16  0:52  Drone  
  17  0:58  Drone  
  18  1:06  Extractor  
  17  1:13  Spawning Pool  
  17  1:15  Drone  
  17  1:17  Drone  
  18  1:26  Drone  
  19  1:39  Drone  
  20  1:53  Drone  
  21  2:00  Queen x2  
  25  2:01  Zergling x4  
  27  2:24  Spine Crawler  
  26  2:30  Metabolic Boost  
  26  2:38  Zergling x4  
  26  2:39  Overlord  
  28  2:45  Spine Crawler  
  28  2:47  Spine Crawler  
  26  2:52  Overlord  
  26  2:53  Drone x2  
  30  3:05  Overlord  
  30  3:07  Overlord  
  30  3:13  Drone x4  
  30  3:15  Hatchery  
  33  3:20  Drone x3  
  33  3:25  Drone x2  
  38  3:27  Drone  
  38  3:29  Drone  
  40  3:36  Overlord  
  40  3:43  Drone x4  
  44  3:51  Drone  
  44  3:53  Queen  
  47  3:57  Drone x2  
  47  4:02  Queen  
  51  4:07  Overlord  
  51  4:12  Roach Warren  
  51  4:14  Drone x2  
  51  4:16  Drone x3  
  55  4:22  Overlord  
  55  4:23  Drone x2  
  57  4:37  Drone x3  
  57  4:38  Lair  
  60  4:40  Queen  
  62  4:46  Drone x3  
  62  4:52  Extractor, Queen  
  66  5:02  Drone x8  
  66  5:04  Evolution Chamber  
  66  5:05  Evolution Chamber  
  71  5:08  Overlord x2  
  71  5:20  Roach x5  
  81  5:27  Roach x3  
  87  5:29  Zergling x4  
  87  5:31  Queen  
  91  5:39  Spore Crawler x2, Overlord x2  
  91  5:40  Spore Crawler  
  91  5:41  Drone x3  
  91  5:44  Queen  
  92  5:55  Roach x4  
  92  5:56  Overlord  
  94  6:01  Roach  
  94  6:02  Zergling x14  
  93  6:05  Zergling x2  
  93  6:09  Queen  
  84  6:12  Overlord  
  84  6:17  Roach  
  84  6:18  Roach  
  86  6:21  Queen x2  
  90  6:28  Roach Warren  
  90  6:32  Zergling x12  
  94  6:39  Zergling x4  
  91  6:47  Drone  
  89  6:54  Hatchery  
  89  6:56  Evolution Chamber  
  89  6:57  Evolution Chamber  
  89  6:58  Zergling x14  
  89  7:01  Queen  
  95  7:02  Baneling Nest, Queen  
  95  7:03  Drone  
  97  7:17  Overlord  
  97  7:26  Drone x6, Glial Reconstitution  
  103  7:31  Zerg Ground Armor Level 1, Zerg Melee Weapons Level 1  
  103  7:42  Drone x3  
  103  7:43  Drone x2, Extractor  
  107  7:44  Extractor  
  107  7:45  Hydralisk Den  
  105  7:52  Extractor  
  105  7:54  Extractor  
  105  7:56  Drone x2  
  105  8:02  Hatchery  
  105  8:03  Centrifugal Hooks  
  105  8:04  Drone x4  
  108  8:16  Overseer  
  108  8:21  Zergling x14  
  115  8:28  Grooved Spines, Infestation Pit  
  115  8:30  Zergling x10, Hatchery  
  115  8:33  Overseer  
  118  8:47  Drone x7  
  125  9:02  Overlord x7  
  124  9:04  Hive  
  124  9:09  Drone x11  
  135  9:17  Baneling  
  135  9:18  Baneling x11, Muscular Augments  
  135  9:20  Hydralisk x2  
  135  9:21  Hatchery  
  138  9:36  Zerg Melee Weapons Level 2, Zerg Missile Weapons Level 1  
  136  9:47  Pneumatized Carapace  
  135  9:56  Zergling x54  
  162  10:08  Burrow, Zergling x20  
  167  10:19  Adrenal Glands  
  167  10:37  Zergling x2  
  167  10:38  Zergling x38  
  187  10:45  Spore Crawler  
  187  10:49  Baneling  
  186  10:50  Baneling x10, Zergling x24  
  155  10:57  Hydralisk x4  
  155  10:58  Hatchery  
  145  11:06  Hydralisk x5  
  155  11:16  Hydralisk x4  
  163  11:22  Drone x5  
  163  11:25  Lurker Den  
  167  11:57  Zergling x52  
  193  12:03  Overlord x3  
  191  12:15  Unknown  
  168  12:23  Zergling x54  
  162  12:36  Zergling x30  
  164  12:43  Hydralisk x4  
  162  12:47  Seismic Spines  
  156  12:54  Hydralisk x4  
  156  12:57  Drone x3  
  167  13:00  Drone  
  167  13:02  Drone x2  
  167  13:03  Drone  
  160  13:37  Lurker x10  
  131  14:04  Hydralisk Den  
  131  14:05  Spire  
  119  14:10  Drone x20  
  79  14:42  Roach x2  
  83  14:48  Hydralisk x20  
  83  14:51  Zergling x18  
  129  15:01  Hatchery  
  124  15:22  Drone x12  
  124  15:23  Extractor  
  124  15:24  Extractor  
  124  15:28  Lair  
  134  15:29  Extractor  
  134  15:32  Zergling x4  
  135  15:38  Hatchery  
  125  15:44  Hydralisk  
  115  15:54  Spawning Pool  
  114  16:10  Hatchery  
  113  16:12  Drone x14  
  123  16:23  Hatchery  
  115  16:53  Zergling x24  
  127  17:05  Zergling x10  
  132  17:25  Zergling x16  
  134  17:44  Zergling x12  
  134  17:45  Zergling x4  
  132  17:56  Zergling x6  
  127  18:07  Zergling x10  
  121  18:18  Zergling x4  
  121  18:19  Zergling x2, Hydralisk Den  
  123  18:24  Lurker x6  
  129  18:27  Zergling x6  
  129  18:30  Extractor x2, Drone  
  129  18:31  Drone x5  
  136  18:46  Zergling x10  
  136  18:48  Hatchery  
  146  18:55  Zergling x12  
  146  19:01  Hatchery  
  138  19:14  Zergling x18  
  147  19:22  Drone x4  
  151  19:28  Zergling x2  
  141  19:44  Zergling x16  
  137  19:50  Hydralisk x4  
  131  20:00  Zergling x10  
  131  20:06  Hatchery  
  135  20:12  Drone x5  
  140  20:16  Overlord x3  
  140  20:17  Overlord x3  
  140  20:19  Queen  
  142  20:21  Hatchery  
  142  20:24  Zergling x10, Hatchery  
  124  20:52  Hydralisk x11  
  124  20:54  Extractor x2  
  141  21:03  Drone  
  131  21:05  Drone x2  
  126  21:15  Lair  
  126  21:17  Drone x2  
  125  21:18  Spawning Pool  
  125  21:22  Hydralisk x7  
  136  21:39  Hydralisk x8  
  151  21:52  Hydralisk  
  151  21:53  Hydralisk x3  
  139  22:12  Zergling x24  
  144  22:16  Queen  
  144  22:17  Queen x3  
  151  22:50  Zergling x12  
  152  22:51  Overlord x2  
  152  22:52  Overlord x2  
  152  22:55  Queen  
  152  22:57  Queen  
  150  23:02  Zergling x2  
  151  23:13  Spire  
  151  23:17  Zergling x28  
  164  23:27  Baneling Nest  
  162  23:37  Lair  
  156  23:41  Spawning Pool  
  154  23:50  Hydralisk x6  
  156  24:12  Baneling  
  156  24:14  Baneling x9  
  156  24:15  Baneling x23, Hatchery  
  154  24:26  Hatchery  
  61  25:26  Drone  
  62  25:44  Spawning Pool  
  39  26:03  Spawning Pool  
  37  26:18  Hatchery  
  35  26:31  Zergling x44  
  57  26:37  Hatchery  
  56  26:44  Zergling x4  
  58  26:51  Drone x9  
  58  26:54  Extractor x2  
  66  26:55  Zergling x6  
  66  26:58  Drone x5  
  73  27:03  Drone x3  
  76  27:10  Zergling x6  
  79  27:17  Zergling x2  
  80  27:25  Zergling x14  
  82  27:50  Drone x3  
  85  27:56  Drone x12  
  97  27:59  Drone  
  98  28:10  Overseer  
  98  28:11  Spore Crawler  
  92  28:23  Drone x10  
  102  28:29  Baneling Nest  
  101  28:44  Hydralisk Den  
  96  28:54  Zergling x30  
  89  29:20  Zergling x22  
  94  29:32  Extractor x2  
  94  29:34  Hydralisk x4  
  94  29:37  Extractor x2  
  93  29:45  Zergling x20  
  107  29:49  Queen  
  107  29:50  Hatchery  
  91  30:14  Hydralisk x5  
  91  30:17  Hatchery  
  94  30:37  Zergling x34  
  111  30:53  Overseer x2  
  106  31:08  Zergling x16  
  113  31:12  Drone  
  113  31:18  Baneling x6  
  112  31:29  Zergling x12  
  109  31:34  Zergling x4  
  89  31:50  Hydralisk  
  89  31:51  Hydralisk x4  
  95  31:54  Zergling x4  
  94  32:02  Drone x4  
  94  32:06  Drone x2  
Show
View Real Time Build Order
Export as new Build Order

WokeManCheEz Terran 

Build Orders: Command Center First 

Get SALT Encoding   

  12  0:00  SCV  
  13  0:12  SCV  
  14  0:17  Supply Depot  
  14  0:24  SCV  
  15  0:38  SCV  
  16  0:51  SCV  
  17  1:03  SCV, Command Center  
  18  1:13  Barracks  
  18  1:16  SCV  
  19  1:22  Refinery  
  19  1:26  Refinery  
  19  1:29  SCV  
  20  1:41  SCV  
  20  1:45  Supply Depot  
  21  1:53  SCV  
  22  1:59  Marine  
  23  2:07  Orbital Command  
  23  2:15  Orbital Command  
  23  2:17  Marine  
  24  2:27  Factory  
  24  2:34  SCV  
  25  2:38  Supply Depot  
  25  2:43  Barracks Tech Lab  
  25  2:46  SCV  
  25  2:47  SCV  
  27  2:58  SCV  
  27  2:59  SCV  
  29  3:07  Marauder  
  29  3:08  Concussive Shells  
  29  3:10  Factory Reactor, SCV  
  32  3:13  SCV  
  32  3:16  Starport  
  33  3:23  SCV  
  33  3:25  SCV  
  35  3:29  Marauder  
  37  3:35  SCV  
  37  3:38  SCV  
  39  3:43  Supply Depot  
  39  3:47  SCV, Hellion x2  
  44  3:50  SCV  
  44  3:51  Stimpack  
  44  3:53  Medivac  
  47  3:59  SCV  
  47  4:02  Armory, SCV  
  49  4:04  Marauder  
  49  4:08  Hellion  
  53  4:11  Hellion  
  53  4:14  SCV  
  56  4:17  SCV  
  56  4:22  Supply Depot  
  57  4:24  Medivac  
  57  4:27  Marauder  
  61  4:33  Supply Depot  
  61  4:38  Orbital Command  
  61  4:44  Hellion x2  
  65  4:46  SCV  
  65  4:49  Marauder  
  68  5:00  Terran Vehicle Weapons Level 1  
  68  5:05  Hellion x2  
  72  5:11  SCV x2  
  74  5:21  Supply Depot  
  74  5:22  Starport Tech Lab  
  74  5:23  SCV  
  74  5:24  SCV  
  74  5:26  Hellion x2  
  80  5:32  Supply Depot  
  80  5:34  Refinery  
  80  5:35  SCV  
  81  5:36  Refinery, SCV  
  82  5:47  SCV  
  82  5:48  Hellion x2, SCV  
  86  5:59  SCV  
  86  6:00  SCV  
  86  6:02  Marauder  
  79  6:09  Hellion x2  
  81  6:11  SCV  
  81  6:12  SCV  
  81  6:13  Hyperflight Rotors  
  83  6:23  SCV  
  83  6:24  Marauder, SCV  
  87  6:32  Factory x2  
  87  6:35  SCV  
  87  6:37  SCV  
  64  6:47  SCV  
  64  6:49  SCV  
  64  6:50  Hellion x2  
  64  6:53  Banshee  
  73  6:57  Command Center  
  73  6:59  SCV  
  73  7:01  SCV  
  75  7:08  Command Center  
  75  7:09  Supply Depot  
  75  7:12  SCV, Hellion x2  
  75  7:13  SCV  
  75  7:15  Terran Vehicle And Ship Armor Level 1  
  81  7:19  Factory Tech Lab  
  81  7:20  Factory Tech Lab  
  81  7:21  Armory  
  81  7:24  SCV  
  81  7:25  SCV  
  83  7:31  Command Center  
  83  7:36  Medivac  
  85  7:41  SCV x2  
  85  7:43  Supply Depot  
  87  7:53  SCV  
  87  7:56  Thor  
  94  8:00  Factory  
  94  8:01  Factory, Engineering Bay  
  94  8:03  Factory  
  94  8:05  Siege Tank  
  97  8:09  Hellion x2  
  101  8:15  SCV x2  
  103  8:22  Orbital Command  
  103  8:27  SCV  
  103  8:28  SCV, Refinery  
  103  8:29  Supply Depot  
  103  8:32  Refinery  
  105  8:35  Hellion x2  
  105  8:37  Planetary Fortress  
  105  8:40  Siege Tank  
  112  8:41  Siege Tank  
  112  8:47  Factory Tech Lab  
  115  8:49  Factory Tech Lab  
  115  8:51  Supply Depot  
  115  8:52  Supply Depot  
  115  8:53  Terran Vehicle Weapons Level 2  
  115  9:01  Siege Tank  
  118  9:12  Thor  
  118  9:14  Hellbat, Command Center  
  126  9:18  SCV x3  
  126  9:22  SCV  
  130  9:25  Siege Tank  
  130  9:30  SCV  
  134  9:31  Terran Vehicle And Ship Armor Level 2  
  134  9:33  Missile Turret  
  134  9:42  Siege Tank  
  137  9:50  Siege Tank  
  137  9:51  Hellbat x2  
  144  9:57  Siege Tank  
  147  10:00  SCV x3  
  147  10:03  Missile Turret  
  150  10:07  Siege Tank, Missile Turret  
  153  10:17  Siege Tank x2  
  153  10:18  Hellbat x2  
  163  10:23  Missile Turret  
  163  10:34  Hellbat x2  
  167  10:37  Missile Turret  
  167  10:42  Planetary Fortress  
  167  10:49  Planetary Fortress, Missile Turret  
  167  10:52  Thor  
  167  10:53  Hellbat x4  
  168  10:57  Missile Turret, Refinery  
  168  10:59  Refinery  
  168  11:02  Thor  
  166  11:07  Infernal Pre-Igniter  
  166  11:12  Missile Turret  
  166  11:15  Hellbat x4  
  174  11:18  Missile Turret  
  174  11:29  Raven  
  176  11:34  Missile Turret  
  176  11:35  Neosteel Armor  
  176  11:37  Hellbat x2  
  176  11:38  Thor  
  186  11:50  Thor  
  186  11:52  Hellbat x2  
  196  11:57  Hellbat  
  196  11:58  Hellbat  
  196  12:00  Supply Depot  
  200  12:04  Factory  
  199  12:10  Hellbat  
  200  12:22  Hellbat  
  200  12:23  Hellbat  
  200  12:24  Hellbat  
  193  12:36  Hellbat x3  
  193  12:37  Hellbat  
  186  12:43  Hellbat  
  171  12:44  Hellbat  
  171  12:46  Hellbat  
  171  12:47  Missile Turret  
  171  12:48  Missile Turret  
  171  12:50  Barracks  
  173  12:54  Command Center  
  173  12:57  Thor x2  
  173  12:58  Hellbat  
  187  13:07  Hellbat x3  
  193  13:37  Factory Tech Lab x2  
  193  13:45  Siege Tank  
  195  13:55  Hellbat  
  195  13:57  Siege Tank, Hellbat  
  195  13:59  Siege Tank, Hellbat x2  
  190  14:03  Hellbat  
  180  15:33  Missile Turret  
  180  15:40  Supply Depot  
  180  15:41  Supply Depot, Raven  
  148  15:57  Hellbat  
  148  16:09  Hellbat  
  150  16:16  Raven  
  144  16:27  Siege Tank  
  147  16:50  Raven  
  147  16:51  Siege Tank  
  152  17:02  Siege Tank  
  155  17:23  Siege Tank  
  158  17:35  Hellbat  
  155  17:48  Hellbat x2  
  143  18:00  Raven  
  127  18:15  Orbital Command  
  127  18:35  Raven  
  129  18:59  Siege Tank x2  
  135  19:03  Hellbat x4  
  143  19:12  Siege Tank x2  
  143  19:14  Refinery  
  149  19:26  Raven  
  149  19:28  Siege Tank x2  
  149  19:29  Hellbat x2  
  155  19:52  Orbital Command  
  146  19:57  Hellbat x2  
  141  20:17  Raven, Hellbat x3  
  148  20:52  Siege Tank  
  148  20:55  Orbital Command  
  144  21:44  Hellion  
  130  23:10  Siege Tank  
  130  23:11  Siege Tank  
  128  24:58  Raven  
  51  25:35  Orbital Command  
  51  25:38  Raven  
  35  26:25  SCV x2  
  37  26:30  Widow Mine  
  37  26:31  Widow Mine  
  41  26:37  SCV  
  42  26:47  Missile Turret  
  42  26:59  Thor  
  48  27:14  Siege Tank  
  51  27:23  Raven  
  42  27:50  Thor  
  48  27:57  Hellbat, Medivac  
  52  28:08  Hellbat  
  54  28:16  Hellbat  
  54  28:17  Hellbat  
  58  28:24  Hellbat  
  58  28:25  Hellbat  
  62  28:30  Raven  
  64  28:40  Orbital Command  
  64  28:47  Hellbat  
  66  28:55  Hellbat  
  56  29:13  Hellion x2  
  57  29:37  Hellbat  
  59  29:46  Hellbat  
  61  30:14  Hellion x4, Raven  
  61  30:18  Orbital Command  
  62  30:32  Hellbat  
  64  30:53  Hellion x5  
  64  30:54  Hellbat  
  62  31:06  Hellbat x2  
  62  31:20  Hellbat x2  
  60  31:33  Hellbat  
  60  31:34  Hellbat x2  
Tags
 
Add a new tag
Caveats
  • Supply blocks, unpowered buildings, or Contaminate may cause inaccurate times.
  • Supply counts are checked every 10 seconds.